 Dungeon Crawl Stone Soup version 0.30-a0-772-g5528072125 (webtiles) character file.

Game seed: 5037571562241483082

176 FallingFreak the Grasshopper (level 5, -1/41 HPs)
             Began as a Formicid Warper on Feb 13, 2023.
             Succumbed to Edmund's poison
             ... on level 4 of the Dungeon.
             The game lasted 00:17:41 (3102 turns).

FallingFreak the Grasshopper (Formicid Warper)      Turns: 3102, Time: 00:17:42

Health: -1/41      AC:  6    Str: 16    XL:     5   Next: 86%
Magic:  9/9        EV: 11    Int: 14    God:
Gold:   69         SH:  0    Dex: 19    Spells: 10/10 levels left

rFire   . . .      SeeInvis +    b - +0 flail
rCold   . . .      Faith    .    (no shield)
rNeg    + . .      Spirit   .    i - +0 ring mail
rPois   .          Reflect  .    (helmet unavailable)
rElec   .          Harm     .    (no cloak)
rCorr   .          Rampage  .    l - +0 pair of gloves
Will    .....                    (no boots)
Stlth   +                        (no amulet)
HPRegen 0.26/turn                o - +6 ring of dexterity
MPRegen 0.11/turn                f - ring of positive energy

@: lethally poisoned (-1 -> -21)
A: permanent stasis, dig shafts and tunnels, antennae 3, four strong arms
a: Dig, Shaft Self


You were on level 4 of the Dungeon.
You visited 1 branch of the dungeon, and saw 4 of its levels.

You collected 147 gold pieces.
You spent 78 gold pieces at shops.

Inventory:

Hand Weapons
 a - a +0 mace
 b - a +0 flail (weapon)
 p - a +0 war axe
Missiles
 d - 7 boomerangs of dispersal {!f}
 k - a stone (quivered)
Armour
 i - a +0 ring mail (worn)
 j - a +0 leather armour
 l - a +0 pair of gloves (worn)
 n - a +0 scale mail
Jewellery
 f - a ring of positive energy (right hand)
 o - a +6 ring of dexterity (left hand)
Scrolls
 g - a scroll of torment {unknown}
 h - a scroll of summoning {unknown}
 H - a scroll of immolation
 R - a scroll of vulnerability
Potions
 c - a potion of heal wounds {unknown}
 m - a potion of attraction {unknown}
 q - a potion of flight {unknown}
 s - a potion of lignification {unknown}
 z - a potion of curing


   Skills:
 + Level 3.3 Fighting
 + Level 3.0 Maces & Flails
 - Level 1.0 Throwing
 + Level 2.6 Armour
 - Level 1.7 Dodging
 + Level 3.2 Spellcasting
 + Level 3.4 Translocations


You had 10 spell levels left.
You didn't know any spells.
Your spell library contained the following spells:

 Spells                   Type           Power      Damage    Failure   Level
 Lesser Beckoning         Tloc           22%        N/A       14%         2
 Gell's Gravitas          Tloc           11%        N/A       28%         3
 Teleport Other           Tloc           11%        N/A       28%         3
 Beastly Appendage        Tmut           4%         N/A       36%         1
 Kiss of Death            Conj/Necr      8%         2d6       36%         1
 Sandblast                Erth           4%         2d4       36%         1
 Vhi's Electric Charge    Tloc/Air       14%        N/A       50%         3
 Passwall                 Tmut/Erth      1%         N/A       52%         2
 Sublimation of Blood     Necr           2%         N/A       52%         2
 Wereblood                Tmut           2%         N/A       52%         2
 Manifold Assault         Tloc           11%        N/A       67%         4
 Confusing Touch          Hex            2%         N/A       75%         3
 Spider Form              Tmut/Pois      2%         N/A       75%         3
 Stone Arrow              Conj/Erth      4%         3d7       75%         3
 Dispel Undead            Necr           2%         3d7       98%         4
 Arcjolt                  Conj/Air       1%         1d11      100%        5
 Dispersal                Tloc           5%         N/A       100%        6
 Summon Hydra             Summ           1%         N/A       100%        7
 Maxwell's Capacitive Co  Air            1%         ∞         100%        8
 Chain Lightning          Conj/Air       1%         3d1       100%        9
 Fire Storm               Conj/Fire      1%         7d1       100%        9
 Shatter                  Erth           1%         3d5*      100%        9
 Blink                    Tloc           Unusable   N/A       N/A         2

Dungeon Overview and Level Annotations

Branches:
Dungeon (3/15) Zot: 20843

Altars:
Kikubaaqudgha
Sif Muna
Vehumet

Shops:
D:2 [*[

Annotations:
D:3 Grinder
D:4 Edmund


Innate Abilities, Weirdness & Mutations

You cannot be hasted, slowed, berserked, paralysed or teleported.
You can dig through walls and to a lower floor.
You have a pair of large antennae on your head. (SInv)
Your four strong arms can wield two-handed weapons with a shield.


Message History

Aim: Edmund, wielding a +3 dire flail of venom and wearing a +0 scale mail (lightly wounded, fast, 65% to hit)
You throw a stone. The stone barely misses Edmund.
Throw: 4 stones
Press: ? - help, Q - select action, (/) - cycle Shift-Dir - straight line, f/p - Edmund
Aim: Edmund, wielding a +3 dire flail of venom and wearing a +0 scale mail (lightly wounded, fast, 65% to hit)
You throw a stone.
The stone hits Edmund but does no damage.
Edmund is lightly wounded.
Edmund says, "You wouldn't believe how much I paid for this flail."
Throw: 3 stones
Press: ? - help, Q - select action, (/) - cycle Shift-Dir - straight line, f/p - Edmund
Aim: Edmund, wielding a +3 dire flail of venom and wearing a +0 scale mail (lightly wounded, fast, 65% to hit)
You throw a stone. The stone hits Edmund.
Edmund is lightly wounded.
Throw: 2 stones
Press: ? - help, Q - select action, (/) - cycle Shift-Dir - straight line, f/p - Edmund
Aim: Edmund, wielding a +3 dire flail of venom and wearing a +0 scale mail (poison gas, lightly wounded, fast, 65% to hit)
You throw a stone. The stone hits Edmund.
Edmund is lightly wounded.
Edmund is engulfed in poison gas.
Edmund is poisoned.
Edmund hits you with a +3 dire flail of venom!
Edmund looks even sicker.
Edmund hits you with a +3 dire flail of venom!
* * * LOW HITPOINT WARNING * * *
Hit: b) +0 flail
Press: ? - help, Dir - move target, f/p - Edmund
Aim: Edmund, wielding a +3 dire flail of venom and wearing a +0 scale mail (poison gas, moderately wounded, fast, very poisoned, about 36% to evade your +0 flail)
You completely miss Edmund.
Edmund is moderately wounded.
Edmund looks even sicker.
Edmund hits you with a +3 dire flail of venom!
* * * LOW HITPOINT WARNING * * *
You are lethally poisoned!
Unknown command.
Press: ? - help, v - describe, . - travel
Here: Edmund, wielding a +3 dire flail of venom and wearing a +0 scale mail (poison gas, moderately wounded, fast, very poisoned)
The floor.
Unknown command.
Are you sure you want to shaft yourself?
You die...

# #○.°°..@.#.#.#
# #.######@#.#.#
#
###....○°..#.#.#
.
...☼☼○.°.###.#.#
.
...°.☼.°○......#
.
....☼°.......###
. #####.○......#
. #°..$....# .
##+#####.# #.#
#.# #.# .#


You could see Edmund (fast, very poisoned).

Vanquished Creatures
  3 orc wizards (D:3)
  4 adders
  A worm (D:3)
  3 dart slugs
  2 orcs (D:3)
  2 endoplasms
  2 giant cockroaches
  6 goblins
  6 hobgoblins
  2 jackals (D:2)
  4 quokkas
  A ball python (D:2)
  5 bats
  3 frilled lizards
  5 kobolds
  7 rats
56 creatures vanquished.

Notes
Turn   | Place    | Note
-------+----------+-------------------------------------------
     0 | D:1      | FallingFreak the Formicid Warper began the quest for the
                  | Orb.
     0 | D:1      | Reached XP level 1. HP: 16/16 MP: 3/3
   224 | D:1      | Reached XP level 2. HP: 21/23 MP: 5/5
   732 | D:1      | Increase (s)trength, (i)ntelligence, or (d)exterity?
   732 | D:1      | Reached XP level 3. HP: 28/28 MP: 6/6
  1241 | D:2      | Found Sionugueqa's Antique Armour Shoppe.
  1386 | D:2      | Found Zat Hag's General Store.
  1389 | D:2      | Bought a +0 pair of gloves for 54 gold pieces
  1389 | D:2      | Bought a scroll of identify for 24 gold pieces
  1523 | D:2      | Reached XP level 4. HP: 34/34 MP: 7/7
  1843 | D:2      | Found Doat Jea's Armour Emporium.
  2315 | D:3      | Found a radiant altar of Vehumet.
  2320 | D:3      | Reached XP level 5. HP: 40/41 MP: 9/9
  2327 | D:3      | Found an ancient bone altar of Kikubaaqudgha.
  2337 | D:3      | Found a shimmering blue altar of Sif Muna.
  2479 | D:3      | Noticed Grinder
  2611 | D:3      | Noticed a water moccasin
  2645 | D:3      | You fall into a shaft and drop 1 floor!
  3086 | D:4      | Noticed Edmund
  3102 | D:4      | Succumbed to Edmund's poison

Illustrated notes

Levels and vault maps discovered:
D:1:      amcnicky_arrival_blooded_trapdoor, layout_basic
D:2:      layout_loops_corners, serial_shops, nicolae_shop_waterfront,
          shop_statue, nicolae_shop_behind_doors, kennysheep_nub
D:3:      layout_rooms, palyth_temple_overflow_mages, kennysheep_potato,
          uniq_grinder, uniq_sigmund
D:4:      layout_basic, minmay_temple_entry_mini_moons, serial_park_tiny_pond,
          uniq_edmund, uniq_menkaure

Skill      XL: |  1  2  3  4  5 |
---------------+----------------+-----
Translocations | 3 |  3.4
Armour         | 2 |  2.6
Fighting       | 3 |  3.3
Spellcasting   | 3 |  3.2
Maces & Flails | 3 |  3.0
Throwing       | |  1.0
Dodging        | |  1.7

Action                     |  1- 3 |  4- 6 || total
---------------------------+-------+-------++-------
  Melee: Mace              |    48 |       ||    48
         Punch             |     1 |     1 ||     2
         Flail             |    46 |   101 ||   147
  Throw: Stone             |     4 |    15 ||    19
Ability: Shaft Self        |       |     2 ||     2
    Use: Scroll            |       |     7 ||     7
         Potion            |       |     6 ||     6
 Armour: Leather armour    |    11 |       ||    11
         Ring mail         |    21 |    45 ||    66
  Dodge: Dodged            |    64 |    65 ||   129

Table legend: (Time is in decaauts)
 A = Elapsed time spent in this place.
 B = Non-inter-level travel time spent in this place.
 C = Inter-level travel time spent in this place.
 D = Time resting spent in this place.
 E = Time spent auto-exploring this place.
 F = Levels seen in this place.
 G = Mean time per level.
                   A        B        C        D        E       F      G
               +--------+--------+--------+--------+--------+-----+--------+
         Total |   3156 |   2819 |    337 |    455 |   1684 |   4 |  789.0 |
       Dungeon |   3156 |   2819 |    337 |    455 |   1684 |   4 |  789.0 |
               +--------+--------+--------+--------+--------+-----+--------+

Top non-repeatable levels by time:
     D:2: 1124 daAuts
     D:1: 968 daAuts
     D:3: 605 daAuts
     D:4: 458 daAuts
